 Dungeon Crawl Stone Soup version 0.31.0-12-g77e489cdc1 (webtiles) character file.

Game seed: 11739382837491820829

23 ChadusMaximus the Caller (level 2, 0/19 HPs)
             Began as a Human Summoner on Feb 26, 2024.
             Succumbed to an adder's poison
             ... on level 2 of the Dungeon.
             The game lasted 00:01:07 (900 turns).

ChadusMaximus the Caller (Human Summoner)            Turns: 900, Time: 00:01:08

Health: 0/19       AC:  2    Str:  5 (8)  XL:     2   Next: 95%
Magic:  5/5        EV: 12    Int: 12 (15) God:
Gold:   100        SH:  0    Dex: 12 (13) Spells: 4/5 levels left

rFire   . . .        l - +0 short sword
rCold   . . .        (no shield)
rNeg    . . .        a - +0 robe
rPois   .            (no helmet)
rElec   .            (no cloak)
rCorr   .            (no gloves)
SInv    .            (no boots)
Will    .....        (no amulet)
Stlth   ++           (no ring)
HPRegen 0.23/turn    (no ring)
MPRegen 0.09/turn

%: no passive effects
@: lethally poisoned (0 -> -3)
A: explore regen
a: no special abilities


You were on level 2 of the Dungeon.
You visited 1 branch of the dungeon, and saw 2 of its levels.

You collected 100 gold pieces.

Inventory:

Hand Weapons
 d - a +0 dagger
 l - a +0 short sword (weapon)
Armour
 a - a +0 robe (worn)
Scrolls
 c - a scroll of poison {unknown}
 f - a scroll of enchant weapon {unknown}
 g - 2 scrolls of immolation {unknown}
 h - 2 scrolls of noise {unknown}
 i - a scroll of enchant armour {unknown}
 j - 2 scrolls of identify {unknown}
 k - a scroll of butterflies {unknown}
 m - 2 scrolls of teleportation {unknown}
 n - a scroll of blinking {unknown}


   Skills:
 - Level 2.1 Dodging
 - Level 2.1 Stealth
 + Level 2.3 Spellcasting
 * Level 4.4 Summonings


You had 4 spell levels left.
You knew the following spells:

 Your Spells              Type           Power      Damage    Failure   Level
a - Summon Small Mammal   Summ           48%        N/A       4%          1

Your spell library contained the following spells:

 Spells                   Type           Power      Damage    Failure   Level
 Call Imp                 Summ           24%        N/A       6%          2
 Call Canine Familiar     Summ           12%        N/A       13%         3
 Summon Blazeheart Golem  Fire/Summ      6%         N/A       71%         4
 Summon Lightning Spire   Summ/Air       6%         N/A       71%         4


Dungeon Overview and Level Annotations

Branches:
Dungeon (2/15)

Altars:


Innate Abilities, Weirdness & Mutations

You regain HP and MP as you explore.


Message History

The adder closely misses you.
Casting: Summon Small Mammal (safe; 3% risk of failure)
Confirm with . or Enter, or press ? or * to list all spells.
You feel sick. The adder bites you.
You are more poisoned.
The adder poisons you!
Casting: Summon Small Mammal (safe; 3% risk of failure)
Confirm with . or Enter, or press ? or * to list all spells.
You feel sick. The adder barely misses you.
You feel sick. The adder misses you.
Your rat closely misses the adder.
Your rat bites the adder.
You are too injured to fight recklessly!
You miss the adder.
The adder is lightly wounded.
You feel sick. The adder closely misses you.
Your rat closely misses the adder.
Your rat barely misses the adder.
You miss the adder.
The adder is lightly wounded.
You feel sick. The adder bites you but does no damage.
An adder comes into view.
Your rat closely misses the adder.
Your rat bites the adder but does no damage.
You miss the adder.
The adder is lightly wounded.
You feel sick.
You are no longer poisoned.
The adder bites you but does no damage.
Your rat barely misses the adder.
The adder bites you.
* * * LOW HITPOINT WARNING * * *
You are lethally poisoned!
The adder poisons you!
Your rat closely misses the adder.
It was a potion of degeneration.
There was something very wrong with that liquid.
You feel weakened.
You feel dopey.
You feel clumsy.
* * * LOW HITPOINT WARNING * * *
You feel sick. The adder barely misses you.
Your rat bites the adder.
Your rat barely misses the adder.
Unknown command.
Magic courses through your body.
You die...

#....# #. #.......# ..>..#
#.......# .###.# #.###........ .#
#.### #...........# .###...#
######......<.##.# .##.#..#+####
#.........###.##.# ...###......#
#.# #.....###.##.. ..## #....#.#
#r###.....#.#..... ...###....#.#
#@S.......#.#.####
.##.#.......####.#r.#(##.#.#.####
.# #..###.....##.#..#...........#
.# ######+#..###.#....##.#.#.####
.# #..............#.#.##.#.#.....
.# #........##.....<####.#....###
#........##......# #.#.##.##.
#....[...##......####.#.##.#..
#........##..#...............#


You could see an adder (ally target) and 2 friendly rats.

Vanquished Creatures
  A ball python (D:1)
  4 goblins (D:1)
  5 hobgoblins (D:1)
  2 bats (D:1)
  A frilled lizard (D:1)
13 creatures vanquished.

Vanquished Creatures (collateral kills)
  3 hobgoblins (D:1)
  2 kobolds (D:1)
  A frilled lizard (D:1)
6 creatures vanquished.

Grand Total: 19 creatures vanquished

Notes
Turn   | Place    | Note
-------+----------+-------------------------------------------
     0 | D:1      | ChadusMaximus the Human Summoner began the quest for the
                  | Orb.
     0 | D:1      | Reached XP level 1. HP: 13/13 MP: 3/3
   119 | D:1      | Reached XP level 2. HP: 17/19 MP: 1/5
   186 | D:1      | Found a faded altar of an unknown god.
   900 | D:2      | Succumbed to an adder's poison

Illustrated notes

Levels and vault maps discovered:
D:1:      dpeg_arrival_fog, layout_rooms, basic_ecumenical_altar
D:2:      layout_basic, hex_intersection

Action                     || total
---------------------------++-------
  Melee: Dagger            ||    38
         Unarmed           ||     5
         Short sword       ||     6
   Cast: Summon Small Mamm ||    15
    Use: Potion            ||     2
 Armour: Robe              ||    39
  Dodge: Dodged            ||    39
